[Event "Early-Titled-Tuesday-Blitz-February-27-2024"]
[Site "Chess.com"]
[Date "2024.02.27"]
[Round "2"]
[White "Better_Chess_Faster"]
[Black "GilbertoHernandezAmura"]
[Result "0-1"]
[WhiteElo "2127"]
[BlackElo "2477"]
[TimeControl "180+1"]
[EndTime "8:16:04 PST"]
[Termination "GilbertoHernandezAmura won by resignation"]

1. d4 c6 2. e4 g6 3. Nc3 Bg7 4. Be3 d5 5. h3 dxe4 6. Nxe4 Nf6 7. Nxf6+ exf6 8. Nf3 O-O 9. Be2 Re8 10. O-O Na6 11. c3 Nc7 12. Qd2 Bf5 13. Bd3 Qd7 14.
Rfe1 Rad8 15. Rad1 Nd5 16. Bf1 Be4 17. Nh2 b5 18. Bh6 a5 19. Ng4 Bh8 20. Ne3 Nc7 21. Ng4 f5 22. Nh2 a4 23. Bg5 Rb8 24. Be2 Bd5 25.
Nf3 Bxa2 26. Bf4 Rbd8 27. Ne5 Bxe5 28. Bxe5 Rxe5 29. dxe5 Qxd2 30. Rxd2 Rxd2 31. Bf3 Bd5 32. Bxd5 cxd5 33. e6 fxe6 34. Rxe6 Nxe6 0-1

[Event "Early-Titled-Tuesday-Blitz-February-27-2024"]
[Site "Chess.com"]
[Date "2024.02.27"]
[Round "2"]
[White "FMStan15"]
[Black "whitemirrorninja"]
[Result "1/2-1/2"]
[WhiteElo "2094"]
[BlackElo "2447"]
[TimeControl "180+1"]
[EndTime "8:16:04 PST"]
[Termination "Game drawn by repetition"]

1. e4 c5 2. c3 d6 3. d4 Nf6 4. Bd3 g6 5. Nf3 Bg7 6. O-O O-O 7. h3 d5 8. e5 Ne4 9. Qe2 Nc6 10.
Bxe4 dxe4 11. Qxe4 Bf5 12. Qe3 cxd4 13. cxd4 Nb4 14.
Na3 Nd5 15. Qe2 Rc8 16. Be3 Qb6 17. Rfc1 Be6 18. Rxc8 Rxc8 19. Rc1 Rxc1+ 20. Bxc1 Qc7 21. Qc2 Qa5 22. Bd2 Qa6 23. Qc4 Qb6 24. Qb5 Qxb5 25.
Nxb5 a6 26. Na3 Bf5 27. Nc4 b5 28. Ne3 Be4 29. Nxd5 Bxd5 30. a3 f6 31. exf6 exf6 32. Bc3 Kf7 33. Ne1 Be4 34. f3 Bb1 35. Kf2 Ke6 36.
Ke3 Kd5 37. Nd3 Bxd3 38. Kxd3 f5 39. g4 fxg4 40. fxg4 Bf6 41. b3 Be7 42. a4 b4 43.
Bd2 a5 44. Bf4 Bd8 45. Be5 Bb6 46. Ke3 Bd8 47. Kd3 Bb6 48. Ke3 Bd8 49. Kd3 1/2-1/2

[Event "Early-Titled-Tuesday-Blitz-February-27-2024"]
[Site "Chess.com"]
[Date "2024.02.27"]
[Round "2"]
[White "DonMicheleCorleone"]
[Black "Nikolakis2014"]
[Result "0-1"]
[WhiteElo "2519"]
[BlackElo "2755"]
[TimeControl "180+1"]
[EndTime "8:16:05 PST"]
[Termination "Nikolakis2014 won by resignation"]

1. e4 c5 2. Nf3 Nc6 3. Bb5 e6 4. O-O Nge7 5. Re1 a6 6. Bf1 d5 7. exd5 Nxd5 8. d4 Nf6 9. Be3 Be7 10.
dxc5 Qxd1 11. Rxd1 Ng4 12. Bd4 e5 13. Bc3 Bxc5 14. Rd2 e4 15. Nd4 O-O 16. h3 e3 17.
fxe3 Nxe3 18. Na3 Nf5 19. Rad1 Rd8 20. Kh2 Bxd4 21. Bxd4 Rxd4 22. Rxd4 Nfxd4 23. c3 Ne6 24. Nc4 Kf8 25. Nb6 Rb8 26. Bc4 Ke7 27. Nd5+ Kf8 28.
Nb6 Ke8 29. b4 Ne5 30. Bb3 Bd7 31. Rd5 f6 32. Rd6 Nf8 33. c4 Be6 34. Rd4 Rd8 35.
Re4 Kf7 36. a4 h5 37. b5 Nfd7 38. Nxd7 Rxd7 39. Bd1 Rxd1 0-1

[Event "Early-Titled-Tuesday-Blitz-February-27-2024"]
[Site "Chess.com"]
[Date "2024.02.27"]
[Round "2"]
[White "xasid81"]
[Black "tylityli"]
[Result "1-0"]
[WhiteElo "2534"]
[BlackElo "2299"]
[TimeControl "180+1"]
[EndTime "8:16:05 PST"]
[Termination "xasid81 won on time"]

1. Nf3 Nf6 2. g3 b5 3. Bg2 Bb7 4. O-O e6 5. b3 Be7 6. Bb2 O-O 7. e3 b4 8. a3 a5 9. axb4 axb4 10. Rxa8 Bxa8 11. d3 d6 12. Nbd2 c5 13.
Re1 Nbd7 14. e4 Qb6 15. e5 dxe5 16. Nxe5 Nxe5 17. Bxe5 Bxg2 18. Kxg2 Nd5 19. Nc4 Qc6 20. Kg1 Bf6 21. Qf3 Bxe5 22. Nxe5 Qa6 23. h4 Nf6 24. g4 Qa8 25. Qg3 Qd5 26. g5 Nd7 27. Nxd7 Qxd7 28. Qe5 Rc8 29. h5 Qd5 30. Qxd5 exd5 31. Re5 Rd8 32. Re7 Kf8 33. Rc7 c4 34. dxc4 dxc4 35. Rxc4 Rd5 36. f4 Rd2 37. h6 gxh6 38.
gxh6 Ke7 39. Kf1 Kf6 40. Ke1 Rh2 41. Kd1 Rxh6 42. Rxb4 Kf5 43. Rc4 Rh2 44. b4 Ke6 45. b5 Kd5 46. Rc7 f5 47. b6 Kd6 48. c4 Rb2 49. c5+ Kd5 50. b7 Kd4 51. Kc1 Kc3 52.
Rxh7 Rf2 53. Rh3+ 1-0

[Event "Early-Titled-Tuesday-Blitz-February-27-2024"]
[Site "Chess.com"]
[Date "2024.02.27"]
[Round "2"]
[White "LileKoridze"]
[Black "Rodalquilar"]
[Result "0-1"]
[WhiteElo "2417"]
[BlackElo "2782"]
[TimeControl "180+1"]
[EndTime "8:16:06 PST"]
[Termination "Rodalquilar won by resignation"]

1. d4 d5 2. c4 e6 3. Nf3 Nf6 4. g3 dxc4 5. Bg2 Nc6 6. O-O Rb8 7. Nc3 Be7 8. e4 O-O 9. d5 exd5 10. exd5 Nb4 11. Ne5 Bd6 12. Nxc4 Bg4 13. Qb3 Nd3 14. Nxd6 Nxc1 15. Raxc1 cxd6 16. Nb5 a6 17. Nd4 Re8 18. Rfe1 h6 19. h3 Bd7 20. a4 Qa5 21. Rxe8+ Nxe8 22. Qe3 Qxa4 23. b3 Qa3 24. Re1 Rc8 25. Be4 Nf6 26.
Bf5 Re8 27. Qd2 Rxe1+ 28. Qxe1 Bxf5 29. Nxf5 Qxb3 30. Qe7 Qxd5 31. Qd8+ Kh7 32. Nxd6 Ne4 33. Qe7 Nxd6 0-1

[Event "Early-Titled-Tuesday-Blitz-February-27-2024"]
[Site "Chess.com"]
[Date "2024.02.27"]
[Round "2"]
[White "SashaKuzhilniy"]
[Black "Vaathi_Coming"]
[Result "0-1"]
[WhiteElo "2606"]
[BlackElo "2922"]
[TimeControl "180+1"]
[EndTime "8:16:07 PST"]
[Termination "Vaathi_Coming won by checkmate"]

1. b3 b6 2. Bb2 Bb7 3. e3 Nf6 4. Nf3 e6 5. Be2 d5 6. O-O Bd6 7. c4 Nbd7 8. d4 O-O 9. Nbd2 Ne4 10. Rc1 Qe7 11. Nxe4 dxe4 12. Ne5 Bxe5 13. dxe5 Rfd8 14. Qc2 Qg5 15. Qc3 Nc5 16. Rcd1 Nd3 17. Ba1 Rd7 18. Rd2 Rad8 19. Rfd1 h5 20. Bf1 c5 21. f4 Qg6 22.
a3 Bc6 23. Be2 Nxf4 24. exf4 e3 25. Bxh5 Qxg2+ 26. Rxg2 Rxd1+ 27. Bxd1 Rxd1+ 28. Qe1 Rxe1# 0-1

[Event "Early-Titled-Tuesday-Blitz-February-27-2024"]
[Site "Chess.com"]
[Date "2024.02.27"]
[Round "2"]
[White "ajian"]
[Black "ChessSkool"]
[Result "0-1"]
[WhiteElo "2468"]
[BlackElo "2735"]
[TimeControl "180+1"]
[EndTime "8:16:07 PST"]
[Termination "ChessSkool won by resignation"]

1. d4 d5 2. c4 e6 3. Nc3 Nf6 4. cxd5 exd5 5. Bg5 c6 6. Qc2 h6 7. Bh4 g6 8. e3 Bf5 9. Qb3 g5 10. Qxb7 gxh4 11. Qxa8 Qb6 12. O-O-O Bd6 13. Nf3 O-O 14. Ne5 Ne4 15. Nxe4 Bxe4 16. Bd3 Bxe5 17. Bxe4 dxe4 18. dxe5 Na6 19. Qxf8+ Kxf8 20. Rd4 Nc5 21. Kb1 Nd3 22.
b3 Qc5 23. Rc4 Qxe5 24. Rc2 c5 25. Rd1 h3 26. gxh3 Qh5 27. Rcd2 Qxh3 28. f3 Qxf3 0-1

[Event "Early-Titled-Tuesday-Blitz-February-27-2024"]
[Site "Chess.com"]
[Date "2024.02.27"]
[Round "2"]
[White "emiliochess"]
[Black "CristianS27"]
[Result "1-0"]
[WhiteElo "2340"]
[BlackElo "2530"]
[TimeControl "180+1"]
[EndTime "8:16:08 PST"]
[Termination "emiliochess won by resignation"]

1. d4 Nf6 2. Bf4 g6 3. Nc3 Bg7 4. e4 d5 5. Nb5 Na6 6. e5 Nd7 7. c3 c6 8. Na3 O-O 9. h4 f6 10.
e6 Nb6 11. Qg4 Nc7 12. h5 Bxe6 13. Qg3 g5 14. Bxc7 Qd7 15. h6 Bh8 16. Bd3 Nc4 17. Bxc4 dxc4 18. Nf3 Bf5 19. Nxc4 Bd3 20. Ncd2 e5 21.
Nxe5 fxe5 22. Qxd3 Qxc7 23. Rh5 Bf6 24. Ne4 exd4 25.
Nxf6+ Rxf6 26. Rxg5+ Kf8 27. Rg7 Qf4 28. Rxh7 Re8+ 29.
Kd1 Qxf2 30. Rh8+ Kf7 31. Qh7+ Ke6 32. Rxe8+ Kd5 33. Qe4+ Kc5 34. Qxd4+ Qxd4+ 35. cxd4+ Kxd4 36. h7 Rh6 37. h8=Q+ 1-0

[Event "Early-Titled-Tuesday-Blitz-February-27-2024"]
[Site "Chess.com"]
[Date "2024.02.27"]
[Round "2"]
[White "JaackCamel"]
[Black "wqws"]
[Result "0-1"]
[WhiteElo "2193"]
[BlackElo "2673"]
[TimeControl "180+1"]
[EndTime "8:16:09 PST"]
[Termination "wqws won by checkmate"]

1. d4 Nf6 2. c4 g6 3. Nc3 Bg7 4. e4 d6 5. Nf3 O-O 6. Be2 e5 7. Be3 Ng4 8. Bg5 f6 9. Bh4 g5 10. Bg3 Nc6 11. d5 Ne7 12. Nd2 Nh6 13. f3 f5 14. b4 g4 15. c5 Ng6 16. cxd6 cxd6 17. Nc4 Bf6 18. Nb5 Bh4 19. Nbxd6 f4 20. Bxh4 Qxh4+ 21. Kd2 Bd7 22. Nxb7 Qf2 23. Nc5 Bb5 24. Kc3 a5 25. a4 axb4+ 26. Kb3 Bxc4+ 27. Bxc4 Qxc5 28. d6+ Kh8 29. Qd5 Qe3+ 30. Kxb4 Nf7 31. h4 Rfc8 32. Ra3 Qb6+ 33. Bb5 Nxd6 34. h5 Nxb5 35. axb5 Rxa3 36. hxg6 Qa5# 0-1

[Event "Early-Titled-Tuesday-Blitz-February-27-2024"]
[Site "Chess.com"]
[Date "2024.02.27"]
[Round "2"]
[White "Ati1517"]
[Black "Logman74"]
[Result "0-1"]
[WhiteElo "2249"]
[BlackElo "2514"]
[TimeControl "180+1"]
[EndTime "8:16:09 PST"]
[Termination "Logman74 won by resignation"]

1. e4 c5 2. Nf3 d6 3. d4 cxd4 4. Nxd4 Nf6 5. Nc3 Nc6 6. Bc4 e6 7. O-O Be7 8. Be3 a6 9. f3 Qc7 10. Bb3 O-O 11. Qd2 b5 12. Rad1 Bb7 13. Nxc6 Bxc6 14. Bf4 Rfd8 15. Rfe1 a5 16. a3 Qb7 17. Ne2 d5 18. exd5 Nxd5 19. Bxd5 Bxd5 20. Qe3 b4 21. a4 Rac8 22. Nd4 Rc4 23. b3 Rc3 24. Qf2 Rdc8 25.
Be5 f6 26. Bg3 e5 27. Nf5 Bc5 28. Ne3 Be6 29. Rd2 Qb6 30. Rde2 Bxe3 31. Rxe3 Rxc2 32. R1e2 Rxe2 33. Qxe2 Bxb3 34. Bf2 Rc1+ 0-1

[Event "Early-Titled-Tuesday-Blitz-February-27-2024"]
[Site "Chess.com"]
[Date "2024.02.27"]
[Round "2"]
[White "ShazilTheGOAT2006"]
[Black "SantoBlue"]
[Result "0-1"]
[WhiteElo "2622"]
[BlackElo "2958"]
[TimeControl "180+1"]
[EndTime "8:16:10 PST"]
[Termination "SantoBlue won by resignation"]

1. e4 c5 2. Nf3 d6 3. Bb5+ Nd7 4. Ba4 Nf6 5. O-O a6 6. c4 g6 7. Nc3 Bg7 8. d3 O-O 9. h3 Rb8 10. Rb1 Ne8 11. Bg5 h6 12. Be3 Nc7 13. Qd2 Kh7 14.
d4 b5 15. Bb3 cxd4 16. Nxd4 Bb7 17. cxb5 axb5 18. Rbc1 b4 19. Nd5 Nc5 20. Nxc7 Qxc7 21. Bd5 Qd7 22. f3 Bxd5 23. exd5 Ra8 24. b3 e6 25. Rf2 exd5 26. Rd1 Ne6 27. Qxb4 Rfe8 28. Qd2 Qb7 29. g3 h5 30. h4 Be5 31. Kg2 Bg7 32.
Qd3 Nc5 33. Qd2 Qd7 34. Re2 Ne6 35. Bf2 Nxd4 36. Rxe8 Qxe8 37. Bxd4 Bxd4 38. Qxd4 Qe2+ 39. Kh3 Rxa2 40. Qg1 Qxf3 0-1

[Event "Early-Titled-Tuesday-Blitz-February-27-2024"]
[Site "Chess.com"]
[Date "2024.02.27"]
[Round "2"]
[White "MIss_MIaMI"]
[Black "GoltsevDmitry2000"]
[Result "0-1"]
[WhiteElo "2415"]
[BlackElo "2773"]
[TimeControl "180+1"]
[EndTime "8:16:12 PST"]
[Termination "GoltsevDmitry2000 won by resignation"]

1. e4 e6 2. d4 d5 3. exd5 exd5 4. Qf3 Nf6 5. h3 Bd6 6. Bd3 O-O 7. Ne2 c5 8. c3 Nc6 9. Be3 cxd4 10. Nxd4 Ne5 11. Qe2 Nxd3+ 12. Qxd3 Ne4 13. Nd2 Nc5 14. Qe2 f5 15. f4 Qh4+ 16. Kd1 Re8 17. Qf3 Ne4 18. Kc2 Bd7 19. Rag1 Rac8 20. g3 Qe7 21. Re1 Ba4+ 22.
Kb1 b5 23. Nxf5 Qf6 24. Nxd6 Qxd6 25. Bd4 Nxd2+ 26. Ka1 Nxf3 27. Rxe8+ Rxe8 28. Rf1 Nxd4 29. cxd4 Qc6 30. g4 Qc4 31. Rg1 Qxd4 32. Rh1 Qd2 33. b3 Re2 0-1

[Event "Early-Titled-Tuesday-Blitz-February-27-2024"]
[Site "Chess.com"]
[Date "2024.02.27"]
[Round "2"]
[White "pr1105"]
[Black "Casper"]
[Result "0-1"]
[WhiteElo "2318"]
[BlackElo "2540"]
[TimeControl "180+1"]
[EndTime "8:16:14 PST"]
[Termination "Casper won on time"]

1. e4 g6 2. d4 Bg7 3. Nc3 d6 4. Be3 Nd7 5. Qd2 c6 6. f4 b5 7. Nf3 Nb6 8. h3 Nc4 9. Bxc4 bxc4 10. O-O d5 11. e5 h5 12. b3 cxb3 13. axb3 Nh6 14.
Na4 Nf5 15. Bf2 h4 16. Nc5 a5 17. Ra4 Ng3 18. Bxg3 hxg3 19. Rfa1 Bf5 20. Rxa5 Rxa5 21. Rxa5 Bxc2 22. Ra6 Bf5 23. Rxc6 Qb8 24. b4 Qb5 25. Ra6 O-O 26. Ra5 Qc4 27. Ra1 Rb8 28. Rb1 Bxb1 0-1

[Event "Early-Titled-Tuesday-Blitz-February-27-2024"]
[Site "Chess.com"]
[Date "2024.02.27"]
[Round "2"]
[White "Sadykov_Ramil"]
[Black "AniJak"]
[Result "1-0"]
[WhiteElo "2595"]
[BlackElo "2370"]
[TimeControl "180+1"]
[EndTime "8:16:15 PST"]
[Termination "Sadykov_Ramil won by checkmate"]

1. d4 d5 2. Bf4 Nf6 3. Nc3 c6 4. e3 Bf5 5. Nf3 e6 6. Ne5 Nbd7 7. g4 Nxe5 8. dxe5 Nxg4 9. f3 Nh6 10. e4 dxe4 11. fxe4 Bg4 12. Qxd8+ Rxd8 13. h4 Bb4 14. h5 Bf3 15. Rh4 Bxc3+ 16. bxc3 Bxe4 17. Bxh6 gxh6 18. Rxe4 Rg8 19. Rd1 Rd5 20. Rxd5 exd5 21. Rb4 b6 22. c4 Rg4 23. c3 Re4+ 24. Kd2 Rxe5 25. Ra4 a5 26. c5 b5 27. Rxa5 Rxh5 28. Ra6 Kd7 29. Ra7+ Ke6 30. Rc7 Rh2+ 31. Be2 f5 32.
Rxc6+ Ke5 33. Rc8 f4 34. Re8+ Kf6 35. c6 f3 36. c7 fxe2 37. c8=Q e1=Q+ 38. Kxe1 Rxa2 39. Qe6+ Kg5 40. Rg8+ Kh5 41. Qg4# 1-0

[Event "Early-Titled-Tuesday-Blitz-February-27-2024"]
[Site "Chess.com"]
[Date "2024.02.27"]
[Round "2"]
[White "GHANDEEVAM2003"]
[Black "AcostaPablo"]
[Result "1-0"]
[WhiteElo "3018"]
[BlackElo "2633"]
[TimeControl "180+1"]
[EndTime "8:16:17 PST"]
[Termination "GHANDEEVAM2003 won by resignation"]

1. a3 Nf6 2. c4 g6 3. Nc3 Bg7 4. e4 d6 5. d4 O-O 6. Nf3 c5 7.
d5 Bg4 8. Be2 Nbd7 9. O-O a6 10.
h3 Bxf3 11. Bxf3 Rb8 12. Be2 Ne8 13. Be3 Nc7 14. a4 b6 15. Qd2 Re8 16. h4 e6 17.
h5 exd5 18. exd5 Qf6 19. h6 Bf8 20. g3 Ne5 21. Kg2 Qf5 22. f3 Re7 23. Ne4 Ng4 24. Bg5 Rxe4 25. fxe4 Qxe4+ 26. Bf3 Qf5 27. Rae1 Ne5 28. Bd1 Qd7 29. b3 f5 30. Bf6 Nf7 31.
Rh1 b5 32. Ba1 bxc4 33. bxc4 Rb4 34. Qc3 Qd8 35. Bb2 Qg5 36. Bc1 Qd8 37. Bf4 Ne8 38. Re6 Nf6 39. Rxf6 1-0

[Event "Early-Titled-Tuesday-Blitz-February-27-2024"]
[Site "Chess.com"]
[Date "2024.02.27"]
[Round "2"]
[White "Viktor_Poddubnyi"]
[Black "Actuary44"]
[Result "0-1"]
[WhiteElo "2230"]
[BlackElo "2511"]
[TimeControl "180+1"]
[EndTime "8:16:17 PST"]
[Termination "Actuary44 won on time"]

1. e4 b6 2. c4 Bb7 3. Nc3 e6 4. d3 Nf6 5. Nf3 d5 6. cxd5 exd5 7. Qc2 Bb4 8. Bd2 O-O 9. O-O-O d4 10. Ne2 Bxd2+ 11.
Qxd2 c5 12. Ne5 Nc6 13. Nxc6 Bxc6 14. Kb1 c4 15. Ng3 c3 16. bxc3 dxc3 17. Qxc3 Rc8 18. Qb2 Ba4 19. Rc1 Rxc1+ 20. Qxc1 Qd7 21. Be2 Rc8 22.
Qb2 Rc2 23. Qe5 Rc5 24. Qb8+ Rc8 25. Qe5 Rc5 26. Qb8+ Ne8 27. Nf5 Bc2+ 28. Ka1 Rxf5 0-1

[Event "Early-Titled-Tuesday-Blitz-February-27-2024"]
[Site "Chess.com"]
[Date "2024.02.27"]
[Round "2"]
[White "maurovargas01"]
[Black "AlainBruxelles"]
[Result "0-1"]
[WhiteElo "1875"]
[BlackElo "2439"]
[TimeControl "180+1"]
[EndTime "8:16:17 PST"]
[Termination "AlainBruxelles won on time"]

1. e4 c5 2. Nc3 Nc6 3. f4 g6 4. Nf3 Bg7 5. Bb5 Nd4 6. Bc4 e6 7. a4 Ne7 8. d3 Nec6 9. e5 d6 10. exd6 Qxd6 11. Ne4 Qe7 12. c3 Nxf3+ 13. Qxf3 O-O 14.
O-O e5 15. fxe5 Nxe5 16. Qe3 Nxc4 17. dxc4 f5 18. Nxc5 Qxe3+ 19. Bxe3 b6 20. Nd3 Bb7 21. Nf4 Rad8 22. Ne6 Rd3 23. Nxf8 Rxe3 24. Nd7 Bh6 25. Nf6+ Kf7 26. Nd5 Re4 27. b3 Bf8 28. Rae1 Rg4 29. h3 Bc5+ 30. Kh2 Bd6+ 31. Kh1 Rg3 32. Re3 Rg5 33.
Rfe1 Bc8 0-1

[Event "Early-Titled-Tuesday-Blitz-February-27-2024"]
[Site "Chess.com"]
[Date "2024.02.27"]
[Round "2"]
[White "Yan_Dyomin2010"]
[Black "YoreDea"]
[Result "1-0"]
[WhiteElo "2758"]
[BlackElo "2525"]
[TimeControl "180+1"]
[EndTime "8:16:18 PST"]
[Termination "Yan_Dyomin2010 won by checkmate"]

1. e4 e6 2. d4 d5 3. e5 c5 4. c3 Nc6 5. Nf3 Nge7 6. Na3 Nf5 7. Nc2 Qa5 8. dxc5 Qxc5 9. Bd3 Be7 10. Bxf5 exf5 11. O-O Be6 12. Re1 h6 13. Nfd4 O-O 14. Be3 Qa5 15. Bf4 g5 16. Bc1 Qd8 17. f4 g4 18. Be3 Qd7 19. Qd2 Rfc8 20. Bf2 a6 21. Re3 h5 22. Qe1 b5 23. Bh4 Bf8 24. Bf6 Bh6 25.
Qh4 Kh7 26. Bg5 Rg8 27. Qxh5 Rg6 28. Nxc6 Qxc6 29. Nd4 Qd7 30. h3 gxh3 31. Rxh3 Rh8 32. Qxh6+ Rxh6 33. Rxh6+ Kg8 34. Rxh8+ Kxh8 35. Kf2 b4 36.
Rh1+ Kg7 37. Bf6+ Kg6 38. Nf3 Qa7+ 39. Ke2 bxc3 40. Nh4+ Kh5 41. Kf3 d4 42. Nxf5+ Kg6 43. Rh6+ Kxf5 44. g4# 1-0

[Event "Early-Titled-Tuesday-Blitz-February-27-2024"]
[Site "Chess.com"]
[Date "2024.02.27"]
[Round "2"]
[White "Kobalia"]
[Black "Magic-Nelwyn"]
[Result "1-0"]
[WhiteElo "2814"]
[BlackElo "2490"]
[TimeControl "180+1"]
[EndTime "8:16:18 PST"]
[Termination "Kobalia won on time"]

1. e4 d6 2. d4 g6 3. Bc4 Nf6 4. Qe2 Bg7 5. e5 dxe5 6. dxe5 Nd5 7. h3 O-O 8. Nf3 c6 9. O-O a5 10. a4 b6 11. Re1 e6 12. Nbd2 Ba6 13. Ne4 Bxc4 14.
Qxc4 Qc7 15. Bg5 Nd7 16. Qe2 Nxe5 17. c4 Nxf3+ 18. Qxf3 Nb4 19. Nf6+ Kh8 20. Qe4 Rad8 21. Qh4 h5 22. Re4 Nd3 23. g4 Ne5 24. Kg2 Rd3 25.
Rf4 c5 26. gxh5 Qc6+ 27. Kg1 1-0

[Event "Early-Titled-Tuesday-Blitz-February-27-2024"]
[Site "Chess.com"]
[Date "2024.02.27"]
[Round "2"]
[White "Larina_Maria"]
[Black "nickmatta"]
[Result "0-1"]
[WhiteElo "2309"]
[BlackElo "2539"]
[TimeControl "180+1"]
[EndTime "8:16:20 PST"]
[Termination "nickmatta won by checkmate"]

1. e4 c5 2. Nc3 e6 3. Nf3 d5 4. exd5 exd5 5. Bb5+ Bd7 6. Qe2+ Be7 7. Nxd5 Nc6 8. Nxe7 Ngxe7 9. O-O O-O 10. c3 a6 11.
Ba4 b5 12. Bc2 Ng6 13. d4 cxd4 14. cxd4 Bg4 15. Rd1 Re8 16. Qd3 Nb4 17. Qd2 Bxf3 18. gxf3 Nxc2 19. Qxc2 Nh4 20. Qd3 Qd5 21. Be3 Nxf3+ 22.
Kf1 Nxh2+ 23. Ke2 Ng4 24. Rh1 g6 25. Rag1 Rac8 26. Rh4 Nxe3 27. fxe3 Qxa2 28. Rgh1 Qxb2+ 29. Kf3 Rc3 30. Rxh7 Rxd3 31. Rh8+ Kg7 32. Rxe8 Rd2 33. Rhh8 Rf2+ 34. Ke4 Qc2+ 35. Ke5 Rf5+ 36. Kd6 Rf6+ 37.
Kd7 Qc6+ 38. Kd8 Rd6+ 39. Ke7 Qd7# 0-1

[Event "Early-Titled-Tuesday-Blitz-February-27-2024"]
[Site "Chess.com"]
[Date "2024.02.27"]
[Round "2"]
[White "NFChess13"]
[Black "Matols"]
[Result "0-1"]
[WhiteElo "2629"]
[BlackElo "2384"]
[TimeControl "180+1"]
[EndTime "8:16:21 PST"]
[Termination "Matols won by resignation"]

1. e4 c6 2. Nc3 d5 3. d4 dxe4 4. Nxe4 Nf6 5. Ng3 Bg4 6. Be2 Bxe2 7. Qxe2 e6 8. Nf3 Nbd7 9. h4 Bd6 10. Ne4 Nxe4 11.
Qxe4 Nf6 12. Qe2 Nd5 13. c3 Nf4 14. Bxf4 Bxf4 15. h5 h6 16. Qe4 Qc7 17. g3 Bd6 18.
Qg4 O-O-O 19. Qxg7 Rhg8 20. Qxh6 Bxg3 21. fxg3 Qxg3+ 22. Ke2 Qg2+ 23. Ke3 Qxb2 24. Rac1 Rg2 25. Rhg1 Qe2+ 26.
Kf4 Rf2 27. Rg3 Qd2+ 28. Ke4 Qxh6 29. Ne5 f5+ 30. Kd3 Qxc1 31. h6 Rd2+ 32. Ke3 Rg2+ 33.
Kf3 Rxg3+ 34. Kxg3 0-1

[Event "Early-Titled-Tuesday-Blitz-February-27-2024"]
[Site "Chess.com"]
[Date "2024.02.27"]
[Round "2"]
[White "Herman-NY"]
[Black "EdmundPlayer"]
[Result "1-0"]
[WhiteElo "2518"]
[BlackElo "2270"]
[TimeControl "180+1"]
[EndTime "8:16:22 PST"]
[Termination "Herman-NY won on time"]

1. e4 c6 2. d4 d5 3. e5 c5 4. dxc5 e6 5. Nd2 Bxc5 6. Nb3 Bf8 7. Bd3 Nc6 8. f4 g6 9. Nf3 f6 10. O-O Bg7 11. Qe2 Qc7 12. Bb5 Bd7 13. Bxc6 Qxc6 14.
Nbd4 Qa6 15. Qe3 Ne7 16. exf6 Bxf6 17. Ne5 Bxe5 18. Qxe5 O-O-O 19. a4 Nc6 20. Nxc6 Qxc6 21. Be3 a6 22. Ra3 Qc7 23. Qd4 Bc6 24. b4 Kd7 25.
Rc3 b5 26. axb5 axb5 27. Ra1 Rb8 28. Ra7 1-0

[Event "Early-Titled-Tuesday-Blitz-February-27-2024"]
[Site "Chess.com"]
[Date "2024.02.27"]
[Round "2"]
[White "Hikaru"]
[Black "Ginger_GM"]
[Result "1-0"]
[WhiteElo "3242"]
[BlackElo "2662"]
[TimeControl "180+1"]
[EndTime "8:16:25 PST"]
[Termination "Hikaru won on time"]

1. h4 e5 2. c4 Nf6 3. g3 d5 4.
cxd5 Qxd5 5. Nf3 Bb4 6. a3 e4 7. Qa4+ Nc6 8. axb4 exf3 9. e3 O-O 10. Nc3 Qf5 11. d3 a5 12. e4 Qh5 13. b5 Nb4 14.
Na2 Ng4 15. Be3 Nxe3 16. fxe3 Qc5 17. Kf2 Nxa2 18. Rxa2 Bg4 19. Ra1 c6 20. d4 Qe7 21.
Bd3 cxb5 22. Qxb5 Rac8 23. Qxa5 f5 24. Rhc1 Rxc1 25. Rxc1 fxe4 26. Qd5+ Kh8 27. Qxe4 Qxe4 28. Bxe4 1-0

[Event "Early-Titled-Tuesday-Blitz-February-27-2024"]
[Site "Chess.com"]
[Date "2024.02.27"]
[Round "2"]
[White "jefferyx"]
[Black "DumbKing75"]
[Result "1-0"]
[WhiteElo "3055"]
[BlackElo "2643"]
[TimeControl "180+1"]
[EndTime "8:16:26 PST"]
[Termination "jefferyx won on time"]

1. e4 c5 2. Nf3 d6 3. Nc3 Nc6 4. d4 cxd4 5. Nxd4 Nf6 6. Bg5 e6 7. Qd3 Be7 8. O-O-O O-O 9. f4 Qb6 10. Nb3 Bd7 11. Be2 Rac8 12. Kb1 a6 13. h4 Qc7 14. e5 Nd5 15. Nxd5 exd5 16. Qxd5 Nb4 17.
Qd2 Bf5 18. Qxb4 Bxg5 19. hxg5 Qxc2+ 20. Ka1 Qxe2 21. Nd4 Qe4 22. exd6 Bg4 23. Rde1 Qxf4 24. Nc6 Qxb4 25. Ne7+ Kh8 26. Rxh7+ Kxh7 27. Rh1+ 1-0

[Event "Early-Titled-Tuesday-Blitz-February-27-2024"]
[Site "Chess.com"]
[Date "2024.02.27"]
[Round "2"]
[White "Seochesspie"]
[Black "GatoRojo150"]
[Result "1-0"]
[WhiteElo "2865"]
[BlackElo "2589"]
[TimeControl "180+1"]
[EndTime "8:16:27 PST"]
[Termination "Seochesspie won on time"]

1. e4 e5 2. Nf3 Nc6 3. Bb5 a6 4.
Ba4 d6 5. c3 f5 6. exf5 Bxf5 7.
O-O Bd3 8. Re1 Be7 9. Qb3 b5 10.
Qd5 Qd7 11. Qxd3 bxa4 12. Qc2 Nf6 13. Qxa4 e4 14. Ng5 d5 15. d3 h6 16. Nh3 O-O 17.
Qd1 Bc5 18. d4 Bd6 19. Bf4 Ne7 20. Bxd6 Qxd6 21. Nd2 Nf5 22. Nf1 Nh4 23. Ne3 Qe6 24. Nf4 Qd6 25. Nh5 Nxh5 26. Qxh5 g5 27. Rf1 c6 28. Rac1 Rab8 29. b3 Rf6 30. c4 Rbf8 31. cxd5 cxd5 32. Rc5 Ng6 33. Rxd5 Qb6 34. g3 Qe6 35. Rc5 Qd6 36. Ng4 Re6 37. Nxh6+ Kg7 38. Ng4 1-0

[Event "Early-Titled-Tuesday-Blitz-February-27-2024"]
[Site "Chess.com"]
[Date "2024.02.27"]
[Round "2"]
[White "toog"]
[Black "LastGladiator1"]
[Result "1-0"]
[WhiteElo "2646"]
[BlackElo "2975"]
[TimeControl "180+1"]
[EndTime "8:16:28 PST"]
[Termination "toog won by checkmate"]

1. d4 Nf6 2. c4 g6 3. Nf3 Bg7 4. g3 d6 5. Bg2 O-O 6. O-O Bf5 7.
Nc3 Ne4 8. Qb3 Nxc3 9. Qxc3 Nc6 10. Be3 Be4 11. Qd2 e5 12. dxe5 dxe5 13. Rad1 Qe7 14. Qc3 Rfd8 15. Qc1 Nd4 16. Nxd4 exd4 17. Bg5 f6 18. Bh6 Bxg2 19. Kxg2 Qe4+ 20. Kg1 Bxh6 21.
Qxh6 Qxe2 22. Rfe1 d3 23. Kg2 Qh5 24. Qxh5 gxh5 25.
Re3 Rd4 26. Rdxd3 Rxc4 27. Rd7 Rc8 28. Ree7 h4 29. Rg7+ Kf8 30. Rxh7 Kg8 31. gxh4 Rg4+ 32. Kf3 Rb4 33. h5 Rh4 34. h6 Kf8 35. Rh8# 1-0

[Event "Early-Titled-Tuesday-Blitz-February-27-2024"]
[Site "Chess.com"]
[Date "2024.02.27"]
[Round "2"]
[White "secrethawk1"]
[Black "ChessQueen"]
[Result "0-1"]
[WhiteElo "2497"]
[BlackElo "2743"]
[TimeControl "180+1"]
[EndTime "8:16:28 PST"]
[Termination "ChessQueen won by resignation"]

1. e4 c6 2. Nc3 d5 3. Nf3 dxe4 4. Nxe4 Nf6 5. Qe2 Nxe4 6. Qxe4 Nd7 7. Bc4 Nf6 8. Ne5 e6 9. Qe2 b5 10. Bb3 Qc7 11. d4 Bd6 12. O-O O-O 13. c3 c5 14.
Bf4 Bb7 15. Rad1 cxd4 16. cxd4 Nd5 17. Bg3 Qb6 18. Bxd5 Bxd5 19. Nd7 Qc6 20. Nxf8 Bxf8 21. Rc1 Qb6 22. b3 Qxd4 23. Qxb5 Qe4 24. f3 Qe3+ 25. Kh1 h5 26. Rfe1 Qd2 27. Rcd1 Qxa2 28. b4 Rc8 29. Ra1 Qd2 30. Rxa7 Rc1 31. Ra1 Rc2 32.
Rg1 h4 33. Rad1 Qh6 34. Bf2 Rxf2 35. Qb6 Rb2 36. h3 Qf4 37. Qc5 Bxc5 38. bxc5 0-1

[Event "Early-Titled-Tuesday-Blitz-February-27-2024"]
[Site "Chess.com"]
[Date "2024.02.27"]
[Round "2"]
[White "dosto07"]
[Black "1977Ivan"]
[Result "0-1"]
[WhiteElo "2468"]
[BlackElo "2733"]
[TimeControl "180+1"]
[EndTime "8:16:28 PST"]
[Termination "1977Ivan won on time"]

1. e4 e5 2. Nf3 Nc6 3. Bb5 a6 4. Ba4 Nf6 5. d3 d6 6. c4 Bg4 7.
h3 Bh5 8. Nc3 Be7 9. g4 Bg6 10.
O-O h5 11. g5 Nd7 12. Nd5 h4 13. Be3 Bh5 14. Bxc6 bxc6 15. Nxe7 Qxe7 16. Kg2 f5 17.
Qa4 O-O 18. Qxc6 f4 19. Bd2 Nc5 20. Rg1 Ne6 21. Ne1 Nd4 22. Qa4 Ne2 23. Kh2 Nxg1 24. Kxg1 Qxg5+ 25. Kh2 Be2 26. Ng2 Bxd3 27. Rg1 Bxe4 28.
c5 d5 29. Nxf4 Qf6 0-1